 Dungeon Crawl Stone Soup version 0.21-a0-630-g344d351 (webtiles) character file.

401 slep the Slasher (level 6, -1/47 HPs)
             Began as a Barachi Gladiator on Dec 25, 2017.
             Was an Initiate of Okawaru.
             Slain by an orc wizard
             ... wielding a +0 dagger
              (3 damage)
             ... on level 5 of the Dungeon.
             The game lasted 00:11:25 (3835 turns).

slep the Slasher (Barachi Gladiator)                Turns: 3835, Time: 00:11:27

Health: -1/47      AC: 12    Str: 18 (19) XL:     6   Next: 85%
Magic:  6/6        EV:  9    Int:  7 (8)  God:    Okawaru [......]
Gold:   240        SH:  0    Dex: 15 (16) Spells: 5/5 levels left

rFire    . . .     SeeInvis .   a - +0 long sword
rCold    . . .     Gourm    .   (no shield)
rNeg     . . .     Faith    .   y - +0 chain mail (curse)
rPois    .         Spirit   .   c - +0 helmet
rElec    .         Reflect  .   j - +0 cloak
rCorr    .         Harm     .   D - +0 pair of gloves
MR       .....                  (no boots)
Stlth    ..........             (no amulet)
HPRegen  0.15/turn              u - +4 ring of strength
MPRegen  0.10/turn              r - ring of flight

@: slow
A: +LOS, swims, slowness 1, strong legs 1
a: Hop, Renounce Religion, Evoke Flight


You were on level 5 of the Dungeon.
You worshipped Okawaru.
Okawaru was noncommittal.
You were not hungry.

You visited 2 branches of the dungeon, and saw 6 of its levels.

You collected 240 gold pieces.

Inventory:

Hand Weapons
 a - a +0 long sword (weapon)
Missiles
 d - 3 throwing nets (quivered)
 e - 28 poisoned needles
 i - 62 sling bullets
Armour
 b - a +0 leather armour
 c - a +0 helmet (worn)
 j - a +0 cloak (worn)
 y - a cursed +0 chain mail (worn)
 D - a +0 pair of gloves (worn)
Jewellery
 q - a +2 ring of evasion
 r - a ring of flight (right hand)
 u - a +4 ring of strength (left hand)
Wands
 E - a wand of flame (38)
Scrolls
 g - 7 scrolls of identify {unknown}
 h - a scroll of amnesia {unknown}
 k - a scroll of fear {unknown}
 l - 4 scrolls of teleportation {unknown}
 m - 5 scrolls of enchant armour {unknown}
 n - 3 scrolls of blinking {unknown}
 o - 7 scrolls of remove curse {unknown}
 p - 2 scrolls of fog {unknown}
 s - 2 scrolls of noise {unknown}
 C - 3 scrolls of brand weapon {unknown}
Potions
 t - a potion of degeneration
 v - 3 potions of lignification
 w - a potion of cancellation
 x - 2 potions of haste {unknown}
 z - a potion of heal wounds {unknown}
 A - a potion of flight {unknown}
 B - a potion of invisibility {unknown}
Comestibles
 f - 6 rations


   Skills:
 + Level 3.5 Fighting
 + Level 6.9 Long Blades
 + Level 2.1 Throwing
 + Level 3.0 Armour
 + Level 4.4 Dodging
 + Level 0.6 Stealth


You had 5 spell levels left.
You didn't know any spells.

Dungeon Overview and Level Annotations

Branches:
Dungeon (5/15)             Temple (1/1) D:5

Altars:
Ashenzari
Fedhas
Gozag
Kikubaaqudgha
Nemelex Xobeh
Okawaru
Qazlal
Ru
Sif Muna
Uskayaw
Vehumet
Xom
The Shining One
Lugonu

Annotations:
D:3 ldlework's ghost, amateur TrBe


Innate Abilities, Weirdness & Mutations

Shadows flee at your approach. (+LOS)
You can swim through water.
You cover ground slowly.
You can hop short distances.


Message History

Your +0 pair of gloves melds into your body.
Your cursed +0 chain mail melds into your body.
Your roots penetrate the ground.
The centaur hits you.
* * * LOW HITPOINT WARNING * * *
The orc wizard hits you but does no damage.
The crimson imp hits you but does no damage.
The centaur hits you but does no damage.
It was a potion of cancellation.
Your magical effects are unravelling.
You feel magically purged.
You feel less wooden.
Your +0 cloak unmelds from your body.
Your +0 helmet unmelds from your body.
Your +0 pair of gloves unmelds from your body.
Your cursed +0 chain mail unmelds from your body.
The orc wizard closely misses you.
The crimson imp blinks!
The centaur hits you but does no damage.
The crimson imp closely misses you.
You riposte.
You hit the crimson imp but do no damage.
The orc wizard hits you with a dagger.
You die...

###≈≈≈##..#
####.........#...
≈.≈≈##.#####............#...
...≈≈##......####.......#...
....≈≈######## ##..#.###...
.....≈≈# ####.# #..§
≈.≈...≈≈## #.# #.§.
...≈...≈Z##### ##.# #...
....≈...≈≈#5§##### #..# #...
♣loc@o...(###..# #...
....≈...≈≈######5.....# #..§
...≈...≈≈## ##.....# #...
≈.≈...≈≈## #.....# #.§§
.....≈≈# ####### #...
....≈≈# #... ...≈≈# #.§.
≈.≈≈# #.§§ ≈≈≈# #...


You could see a centaur, an iguana, an orc wizard, 2 crimson imps, an orc and a
bullfrog skeleton.

Vanquished Creatures
  A phantom (D:4)
  A bullfrog zombie (D:5)
  A howler monkey (D:2)
  An orc priest (D:4)
  An orc wizard (D:4)
  Jessica (D:2)
  An iguana (D:5)
  3 adders (D:4)
  A gnoll (D:1)
  3 oozes
  4 worms (D:2)
  A dart slug (D:1)
  A leopard gecko (D:3)
  2 orcs (D:4)
  2 bat skeletons (D:4)
  5 bat zombies (D:4)
  11 goblins
  8 hobgoblins
  4 quokkas
  7 bats
  4 frilled lizards
  4 kobolds
  A quokka skeleton (D:4)
  9 rats
77 creatures vanquished.

Notes
Turn   | Place    | Note
-------+----------+-------------------------------------------
     0 | D:1      | slep the Barachi Gladiator began the quest for the Orb.
     0 | D:1      | Reached XP level 1. HP: 17/17 MP: 1/1
   125 | D:1      | Reached skill level 4 in Long Blades
   125 | D:1      | Reached XP level 2. HP: 11/23 MP: 2/2
   341 | D:1      | Reached XP level 3. HP: 20/28 MP: 3/3
  1220 | D:2      | Reached skill level 1 in Armour
  1240 | D:2      | Reached XP level 4. HP: 32/34 MP: 4/4
  1405 | D:2      | Reached skill level 5 in Long Blades
  1756 | D:2      | Noticed Jessica
  1761 | D:2      | Killed Jessica
  1761 | D:2      | Reached XP level 5. HP: 35/41 MP: 5/5
  2027 | D:3      | Found a radiant altar of Vehumet.
  2029 | D:3      | Found a burning altar of Makhleb.
  2029 | D:3      | Found a shimmering altar of Xom.
  2030 | D:3      | Found a shimmering altar of Xom.
  2030 | D:3      | Found an ancient bone altar of Kikubaaqudgha.
  2030 | D:3      | Found a blossoming altar of Fedhas.
  2271 | D:3      | Noticed ldlework's ghost (amateur TrBe)
  2702 | D:4      | Found a hide-covered altar of Uskayaw.
  2702 | D:4      | Found a blossoming altar of Fedhas.
  2786 | D:4      | Reached skill level 6 in Long Blades
  2787 | D:4      | Reached XP level 6. HP: 27/47 MP: 6/6
  2938 | D:4      | Noticed a phantom
  3004 | D:4      | Killed a phantom
  3241 | D:4      | Found an ancient bone altar of Kikubaaqudgha.
  3341 | D:5      | Entered Level 5 of the Dungeon
  3451 | D:5      | Found a staircase to the Ecumenical Temple.
  3462 | Temple   | Entered the Ecumenical Temple
  3477 | Temple   | Became a worshipper of Warmaster Okawaru
  3834 | D:5      | HP: 3/70 [centaur (3)]
  3835 | D:5      | Slain by an orc wizard

Vault maps used:
D:1:      nicolae_arrival_washed_ashore
D:2:      minmay_misc_feat_doors, uniq_jessica
D:3:      doesnt_xom_only_xom, minmay_misc_feat_four_crosses,
          okawaru_ov_weapons_minmay
D:4:      gammafunk_temple_overflow_wave, kennysheep_vampire_church
D:5:      lemuel_temple_firewalk_b, first_ration, kennysheep_diamond
Temple:   corrupted_temple

Skill      XL: |  1  2  3  4  5  6 |
---------------+-------------------+-----
Long Blades    | 4 5 6 |  6.9
Armour         | 1 2 3 |  3.0
Fighting       | 3 |  3.5
Dodging        | 4 |  4.4
Throwing       | |  2.1
Stealth        | |  0.6

Action                   |  1- 3 |  4- 6 || total
-------------------------+-------+-------++-------
Melee: Long sword        |    91 |   153 ||   244
  Use: Potion            |       |     3 ||     3
  Eat: Chunk             |     2 |     6 ||     8
       Ration            |       |     1 ||     1
Armor: Leather armour    |    31 |     9 ||    40
       Chain mail        |       |    54 ||    54
       Skin              |       |     3 ||     3
Dodge: Dodged            |    71 |    86 ||   157
       Rpst.: Long sword |    23 |    28 ||    51

Table legend:
 A = Spawn XP
 B = Non-spawn XP
 C = Spawn XP percentage of total XP
 D = Spawn monster count
 E = Non-spawn monster count
 F = Spawn count percentage of total count
 G = Total turns spent on level
                    A         B        C        D         E        F      G
               +---------+---------+-------+---------+---------+-------+---------
         Total |       0 |     573 |   0.0 |       0 |      77 |   0.0 |  3835
               +---------+---------+-------+---------+---------+-------+---------
           D:1 |       0 |      50 |   0.0 |       0 |      24 |   0.0 |   953
           D:2 |       0 |     149 |   0.0 |       0 |      25 |   0.0 |  1033
           D:3 |       0 |      11 |   0.0 |       0 |       6 |   0.0 |   290
           D:4 |       0 |     275 |   0.0 |       0 |      20 |   0.0 |  1065
           D:5 |       0 |      88 |   0.0 |       0 |       2 |   0.0 |   449
               +---------+---------+-------+---------+---------+-------+---------
